 Dungeon Crawl Stone Soup version 0.30.0-29-ga12c61a403 (webtiles) character file.

Game seed: 7180316241788528426

212 nicolae the Stinger (level 5, -1/31 HPs)
             Began as an Octopode Venom Mage on June 6, 2023.
             Slain by a phantom (4 damage)
             ... on level 4 of the Dungeon.
             The game lasted 00:11:53 (3644 turns).

nicolae the Stinger (Octopode Venom Mage)           Turns: 3644, Time: 00:11:54

Health: -1/31      AC:  1    Str:  7    XL:     5   Next: 89%
Magic:  8/8        EV: 13    Int: 26    God:
Gold:   155        SH:  0    Dex: 12    Spells: 2/8 levels left

rFire   . . .        l - +0 halberd
rCold   . . .        (shield currently unavailable)
rNeg    . . .        (helmet restricted)
rPois   .            u - amulet of magic regeneration
rElec   .            q - ring of see invisible
rCorr   .            w - +6 ring of intelligence
SInv    +            (no ring)
Will    .....        (no ring)
Stlth   +++          (no ring)
HPRegen 0.25/turn    (no ring)
MPRegen 0.51/turn    (no ring)
                     (no ring)

%: no passive effects
@: no status effects
A: almost no armour, amphibious, 8 rings, camouflage 1, gelatinous body 1,
(nimble swimmer 1), tentacles
a: no special abilities


You were on level 4 of the Dungeon.
You visited 1 branch of the dungeon, and saw 5 of its levels.

You collected 155 gold pieces.

Inventory:

Hand Weapons
 l - a +0 halberd (weapon)
Missiles
 c - 4 javelins
 z - a boomerang
Jewellery
 q - a ring of see invisible (left tentacle)
 u - an amulet of magic regeneration (around mantle)
 w - a +6 ring of intelligence (right tentacle)
Wands
 a - a wand of flame (19)
Scrolls
 b - a scroll of vulnerability {unknown}
 d - 4 scrolls of magic mapping
 e - 3 scrolls of teleportation
 i - a scroll of blinking
 n - a scroll of brand weapon {unknown}
 p - a scroll of torment {unknown}
 s - a scroll of enchant armour {unknown}
 v - a scroll of summoning {unknown}
 y - a scroll of poison {unknown}
Potions
 f - 2 potions of curing
 h - 2 potions of brilliance
 j - 2 potions of attraction
 k - a potion of ambrosia {unknown}
 m - a potion of haste {unknown}
 r - a potion of flight {unknown}
 t - 3 potions of heal wounds {unknown}


   Skills:
 - Level 2.0 Dodging
 - Level 2.8 Stealth
 - Level 2.0 Spellcasting
 + Level 2.5 Conjurations
 - Level 1.0 Transmutations
 + Level 3.0 Air Magic
 - Level 5.4 Poison Magic


You had 2 spell levels left.
You knew the following spells:

 Your Spells              Type           Power      Damage    Failure   Level
a - Sting                 Tmut/Pois      76%        1d6       2%          1
b - Poisonous Vapours     Pois/Air       48%        N/A       2%          2
c - Mephitic Cloud        Conj/Pois/Air  21%        N/A       7%          3

Your spell library contained the following spells:

 Spells                   Type           Power      Damage    Failure   Level
 Beastly Appendage        Tmut           16%        N/A       7%          1
 Sandblast                Erth           4%         2d4       11%         1
 Wereblood                Tmut           8%         N/A       11%         2
 Passwall                 Tmut/Erth      4%         N/A       13%         2
 Lesser Beckoning         Tloc           4%         N/A       16%         2
 Sublimation of Blood     Necr           2%         N/A       16%         2
 Spider Form              Tmut/Pois      19%        N/A       9%          3
 Olgreb's Toxic Radiance  Pois           30%        N/A       11%         4
 Stone Arrow              Conj/Erth      18%        3d8       19%         3
 Gell's Gravitas          Tloc           2%         N/A       30%         3
 Ozocubu's Armour         Ice            2%         N/A       30%         3
 Teleport Other           Tloc           2%         N/A       30%         3
 Blade Hands              Tmut           4%         N/A       88%         5
 Metabolic Englaciation   Hex/Ice        1%         N/A       96%         5
 Iron Shot                Conj/Erth      4%         9d2       100%        6
 Simulacrum               Ice/Necr       1%         N/A       100%        6
 Summon Hydra             Summ           1%         N/A       100%        7
 Animate Armour           Summ/Erth      Unusable   N/A       N/A         4

Dungeon Overview and Level Annotations

Branches:
Dungeon (5/15)
 Temple: D:4-7

Altars:
Elyvilon
Kikubaaqudgha
Nemelex Xobeh
Yredelemnul


Innate Abilities, Weirdness & Mutations

You cannot wear most types of armour.
You are amphibious.
You can wear up to eight rings at the same time.
Your skin changes colour to match your surroundings (Stealth+).
Your rubbery body absorbs attacks. (AC +1, EV +1)
((You are camouflaged when in or above water. (Stealth+)))
You have tentacles for arms and can constrict up to eight enemies at once.


Message History

The phantom is almost destroyed.
The phantom completely misses you.
You closely miss the phantom.
The phantom is almost destroyed.
Your transformation is almost over.
The phantom hits you but does no damage.
The phantom hits you.
* * * LOW HITPOINT WARNING * * *
You hit the phantom but do no damage.
The phantom is almost destroyed.
The phantom hits you but does no damage.
You barely miss the phantom.
The phantom is almost destroyed.
The phantom hits you but does no damage.
The phantom barely misses you.
You closely miss the phantom.
The phantom is almost destroyed.
The phantom hits you but does no damage.
You barely miss the phantom.
The phantom is almost destroyed.
The phantom hits you but does no damage. x2
You completely miss the phantom.
The phantom is almost destroyed.
You feel less wooden. The phantom hits you.
* * * LOW HITPOINT WARNING * * *
You closely miss the phantom.
The phantom is almost destroyed.
The phantom hits you.
* * * LOW HITPOINT WARNING * * *
The phantom blinks!
You blink.
The phantom closely misses you.
You hit the phantom but do no damage. Your squeeze misses the phantom.
The phantom is almost destroyed.
The phantom hits you.
* * * LOW HITPOINT WARNING * * *
The phantom blinks!
You blink.
You closely miss the phantom. Your squeeze misses the phantom.
The phantom is almost destroyed.
The phantom closely misses you. The phantom hits you.
You die...

#.................<....)......#..
#.............................#..
#.............................#..
##..##.##..###...##.....##...####
##################'######...####
#......#.....#.......#
#......#.....#.......#
#.....W'...>.#.......#
#....@.#.....#.......#
##########....###...####
##.##...#############....
#........#...............
#........#.............##
#........#.............#♣
#........#............##♣
#.....####'##..##.##..#♣.
#.....####.##..##.##.##♣.


You could see a phantom.

Vanquished Creatures
  An iguana (D:4)
  Robin (D:2)
  3 gnolls (D:4)
  5 adders
  An ufetubus (D:4)
  A worm (D:2)
  A dart slug (D:1)
  5 orcs (D:4)
  5 ball pythons
  5 endoplasms
  3 giant cockroaches
  10 goblins
  9 hobgoblins
  4 jackals (D:2)
  3 quokkas
  6 bats
  A frilled lizard (D:3)
  15 kobolds
  4 rats
83 creatures vanquished.

Notes
Turn   | Place    | Note
-------+----------+-------------------------------------------
     0 | D:1      | nicolae the Octopode Venom Mage began the quest for the
                  | Orb.
     0 | D:1      | Reached XP level 1. HP: 11/11 MP: 3/3
   171 | D:1      | Reached skill level 4 in Poison Magic
   264 | D:1      | Reached XP level 2. HP: 2/17 MP: 0/5
   820 | D:2      | Reached skill level 5 in Poison Magic
   820 | D:2      | Reached XP level 3. HP: 21/21 MP: 4/6
   995 | D:2      | Learned a level 2 spell: Poisonous Vapours
  1023 | D:2      | Learned a level 3 spell: Mephitic Cloud
  1333 | D:2      | Noticed Robin
  1340 | D:2      | Killed Robin
  1341 | D:2      | Reached skill level 1 in Air Magic
  1341 | D:2      | Reached XP level 4. HP: 27/27 MP: 0/7
  2669 | D:3      | Found a sparkling altar of Nemelex Xobeh.
  2753 | D:4      | Reached XP level 5. HP: 25/31 MP: 8/8
  2861 | D:4      | Reached skill level 1 in Conjurations
  3051 | D:4      | Found an ancient bone altar of Kikubaaqudgha.
  3258 | D:4      | Found a white marble altar of Elyvilon.
  3561 | D:4      | Found a basalt altar of Yredelemnul.
  3603 | D:5      | Entered Level 5 of the Dungeon
  3604 | D:5      | Noticed a phantom
  3644 | D:4      | Slain by a phantom

Illustrated notes

Levels and vault maps discovered:
D:1:      matt_arrival_refuge, layout_basic
D:2:      minmay_kobold_bridge, layout_loops_corners, serial_glass,
          glass_columns_c, glass_columns_b, corexii_leaking_fountain, uniq_robin
D:3:      layout_rooms, general_overflow_altar
D:4:      layout_gridville, kiku_gazebo_garden_becter, kennysheep_ying_yang
D:5:      layout_basic, mainiacjoe_overflow_surrounded_room,
          minmay_temple_entry_glassed_door, serial_shops, shop, shop, shop,
          shop, nicolae_shop_overgrown_old_shop

Skill      XL: |  1  2  3  4  5 |
---------------+----------------+-----
Poison Magic   | 4 5 |  5.4
Air Magic      | 1 2 3 |  3.0
Conjurations   | 2 |  2.5
Dodging        | |  2.0
Stealth        | |  2.8
Spellcasting   | |  2.0
Transmutations | |  1.0

Action                     |  1- 3 |  4- 6 || total
---------------------------+-------+-------++-------
  Melee: Trident           |    49 |    90 ||   139
         Constrict         |    12 |    17 ||    29
         Tentacles         |    10 |    18 ||    28
         Punch             |       |     2 ||     2
         Halberd           |       |    30 ||    30
   Cast: Sting             |    19 |    28 ||    47
         Poisonous Vapours |     5 |     1 ||     6
         Mephitic Cloud    |       |     4 ||     4
    Use: Scroll            |     1 |     6 ||     7
         Potion            |       |     3 ||     3
   Stab: Sleeping          |     4 |    11 ||    15
         Distracted        |     1 |       ||     1
         Confused          |       |     1 ||     1
 Armour: Skin              |     4 |    27 ||    31
  Dodge: Dodged            |    22 |    77 ||    99
